 Dungeon Crawl Stone Soup version 0.26-a0-651-gb41185065b (webtiles) character file.

Game seed: 2200887377006799400

51 tilp the Sneak (level 3, 0/24 HPs)
             Began as a Spriggan Enchanter on Oct 23, 2020.
             Succumbed to an adder's poison
             ... on level 2 of the Dungeon.
             The game lasted 00:02:28 (1588 turns).

tilp the Sneak (Spriggan Enchanter)                 Turns: 1588, Time: 00:02:29

Health: 0/24       AC: 21    Str:  4    XL:     3   Next: 57%
Magic:  3/8        EV:  4    Int: 17    God:
Gold:   21         SH:  0    Dex: 16    Spells: 4/7 levels left

rFire    . . .     SeeInvis +   a - +1 dagger
rCold    . . .     Faith    .   (shield restricted)
rNeg     + + +     Spirit   .   (armour currently unavailable)
rPois    +         Reflect  .   (helmet currently unavailable)
rElec    .         Harm     .   (cloak currently unavailable)
rCorr    .         Rampage  .   (gloves unavailable)
MR       .....     NoTele   +   (boots unavailable)
Stlth    +++.......             (no amulet)
HPRegen  0.08/turn              (no ring)
MPRegen  0.11/turn              (no ring)

@: lethally poisoned (0 -> -3), tree-form
A: very small, unfitting armour, see invisible
a: no special abilities


You were on level 2 of the Dungeon.
You were a tree.
You visited 1 branch of the dungeon, and saw 2 of its levels.

You collected 21 gold pieces.

Inventory:

Hand Weapons
 a - a +1 dagger (weapon)
Missiles
 c - 52 stones (quivered)
Armour
 b - a +0 robe (melded)
Scrolls
 e - a scroll of enchant weapon {unknown}
Potions
 d - a potion of lignification


   Skills:
 + Level 2.8 Short Blades
 - Level 3.0 Dodging
 + Level 5.9 Stealth
 - Level 2.6 Spellcasting
 - Level 3.6 Hexes


You had 4 spell levels left.
You knew the following spells:

 Your Spells              Type           Power        Failure   Level
a - Corona                Hex            ##.....      4%          1
b - Ensorcelled Hibernat  Hex/Ice        #.....       13%         2

Your spell library contained the following spells:

 Spells                   Type           Power        Failure   Level
 Confusing Touch          Hex            ##......     12%         3
 Tukima's Dance           Hex            ##......     12%         3
 Dazzling Flash           Conj/Hex       #.....       26%         3


Dungeon Overview and Level Annotations

Branches:
Dungeon (2/15)

Altars:


Innate Abilities, Weirdness & Mutations

You are very small and have problems with some larger weapons.
You are too small for most types of armour.
You have supernaturally acute eyesight. (SInv)
((You cover ground extremely quickly.))


Message History

You closely miss the leopard gecko. The leopard gecko bites you.
* * * LOW HITPOINT WARNING * * *
You closely miss the leopard gecko.
The leopard gecko bites you but does no damage.
You barely miss the leopard gecko.
* * * LOW HITPOINT WARNING * * *
You feel sick. The leopard gecko barely misses you.
You miss the leopard gecko.
The leopard gecko bites you but does no damage.
You closely miss the leopard gecko.
The leopard gecko bites you but does no damage.
You hit the leopard gecko.
The leopard gecko is severely wounded.
The leopard gecko bites you but does no damage.
You closely miss the leopard gecko.
The leopard gecko is severely wounded.
The leopard gecko barely misses you.
You closely miss the leopard gecko.
The leopard gecko is severely wounded.
You die...

.##### #.##
...... ##.#.
..... #..#. ....
#.... ..# ##...<
##..#
##.....###..#
........♣lr#
..#....##.#
###....##.# #
#.?......r#....
...[.)...........
##....^...##.....
#...#..#..# ....#
.(#.##.$... ...#
.## ...##.. .>##


You could see a leopard gecko and a rat.

Vanquished Creatures
  An adder (D:2)
  5 dart slugs (D:1)
  5 goblins (D:1)
  6 hobgoblins (D:1)
  2 bats (D:1)
  4 frilled lizards (D:1)
  6 kobolds (D:1)
  A rat (D:1)
30 creatures vanquished.

Notes
Turn   | Place    | Note
-------+----------+-------------------------------------------
     0 | D:1      | tilp the Spriggan Enchanter began the quest for the Orb.
     0 | D:1      | Reached XP level 1. HP: 9/9 MP: 5/5
   302 | D:1      | Reached XP level 2. HP: 10/13 MP: 6/6
   307 | D:1      | Reached skill level 5 in Stealth
   312 | D:1      | Learned a level 2 spell: Ensorcelled Hibernation
   884 | D:1      | Reached XP level 3. HP: 7/16 MP: 0/8
  1583 | D:2      | HP: 1/24 [poisoned by an adder]
  1588 | D:2      | Succumbed to an adder's poison

Illustrated notes

Levels and vault maps discovered:
D:1:      psy_arrival_terrarium, layout_basic
D:2:      layout_rooms, lemuel_crystal_altar, chequers_ecumenical_altar_grove,
          uniq_sigmund, uniq_jessica

Skill      XL: |  1  2 |
---------------+-------+-----
Stealth        | 5 |  5.9
Short Blades   | 2 |  2.8
Dodging        | |  3.0
Spellcasting   | |  2.6
Hexes          | |  3.6

Action                   || total
-------------------------++-------
Melee: Dagger            ||   146
 Cast: Corona            ||     1
       Ensorcelled Hiber ||     8
  Use: Potion            ||     1
 Stab: Sleeping          ||    12
Armor: Robe              ||     8
       Skin              ||     8
Dodge: Dodged            ||    91

Table legend: (Time is in decaauts)
 A = Elapsed time spent in this place.
 B = Non-inter-level travel time spent in this place.
 C = Inter-level travel time spent in this place.
 D = Time resting spent in this place.
 E = Time spent auto-exploring this place.
 F = Levels seen in this place.
 G = Mean time per level.
                   A        B        C        D        E       F      G
               +--------+--------+--------+--------+--------+-----+--------+
         Total |   1377 |   1365 |     12 |    905 |    214 |   2 |  688.5 |
       Dungeon |   1377 |   1365 |     12 |    905 |    214 |   2 |  688.5 |
               +--------+--------+--------+--------+--------+-----+--------+

Top non-repeatable levels by time:
     D:1: 1343 daAuts
     D:2: 34 daAuts
